 Dungeon Crawl Stone Soup version 0.24-a0-269-g32ec7ca (webtiles) character file.

Game seed: 6626959831466665951

42 Klosterheim the Conjurer (level 3, -1/19 HPs)
             Began as a Deep Elf Conjurer on Apr 21, 2019.
             Slain by a hound (3 damage)
             ... on level 2 of the Dungeon.
             The game lasted 00:03:58 (1259 turns).

Klosterheim the Conjurer (Deep Elf Conjurer)        Turns: 1259, Time: 00:03:59

Health: -1/19      AC:  2    Str:  5    XL:     3   Next: 35%
Magic:  1/10       EV: 13    Int: 20    God:
Gold:   77         SH:  0    Dex: 15    Spells: 5/9 levels left

rFire    . . .     SeeInvis .   (no weapon)
rCold    . . .     Gourm    .   (no shield)
rNeg     . . .     Faith    .   a - +0 robe
rPois    .         Spirit   .   (no helmet)
rElec    .         Reflect  .   (no cloak)
rCorr    .         Harm     .   (no gloves)
MR       .....                  (no boots)
Stlth    ++........             (no amulet)
HPRegen  0.06/turn              (no ring)
MPRegen  0.12/turn              (no ring)

@: about to teleport, flying, very slightly contaminated
A: no striking features
a: no special abilities


You were on level 2 of the Dungeon.
You were not hungry.

You visited 1 branch of the dungeon, and saw 2 of its levels.

You collected 77 gold pieces.

Inventory:

Armour
 a - a +0 robe (worn)
Jewellery
 j - an uncursed amulet of the gourmand {unknown}
Scrolls
 b - a scroll of blinking {unknown}
 d - 5 scrolls of identify
 e - a scroll of remove curse
 g - a scroll of amnesia
 l - a scroll of enchant weapon {unknown}
Potions
 f - a potion of haste {unknown}
 h - a potion of agility {unknown}
 i - 2 potions of flight
 m - a potion of berserk rage {unknown}
 o - 2 potions of mutation
Comestibles
 c - 2 rations
 n - 2 chunks of flesh


   Skills:
 + Level 3.0 Dodging
 + Level 2.4 Stealth
 + Level 3.6 Spellcasting
 * Level 5.1 Conjurations
 + Level 0.1 Hexes


You had 5 spell levels left.
You knew the following spells:

 Your Spells              Type           Power        Failure   Level  Hunger
a - Magic Dart            Conj           ###.         1%          1    None
b - Dazzling Spray        Conj/Hex       ##....       14%         3    ###....

Your spell library contained the following spells:

 Spells                   Type           Power        Failure   Level  Hunger
 Searing Ray              Conj           ###...       2%          2    ##.....
 Iskenderun's Mystic Bla  Conj           ###.....     16%         4    ####...
 Fulminant Prism          Conj/Hex       ##........   41%         4    ####...
 Force Lance              Conj/Tloc      ##......     43%         4    ####...


Dungeon Overview and Level Annotations

Branches:
Dungeon (2/15)

Altars:
Makhleb


Message History

You feel very buoyant.
You fly up into the air.
The hound barely misses you. The hound closely misses you.
As you read the scroll labeled RUFARU ZEOLU, it crumbles to dust.
It is a scroll of identify.
o - 2 potions of mutation The hound barely misses you.
As you read the scroll labeled NIHOSEGYXT, it crumbles to dust.
You feel blessed for a moment.
It was a scroll of remove curse.
The hound misses you. The hound bites you.
As you read the scroll labeled AGOOXUDGHIWN, it crumbles to dust.
It is a scroll of amnesia.
Okay, then.
The hound bites you.
* * * LOW HITPOINT WARNING * * *
Unknown command.
As you read the scroll labeled WANKUS KU ZUGO, it crumbles to dust.
You feel strangely unstable.
It was a scroll of teleportation.
The hound bites you.
You die...

........#.#...#.#.# #
........#.#.#.#.#.# #
........#...#.#.#.#
######
........##..#.#.#.# ###
#.....
........##..#....###..#
#.####
#######.##..###.###.._
#.# #####.##....###...
#.# #.......[...##.h#
#####.#
#.###.......#.@##
#.....# #####..###..###
####### #..# ##...###
#..# ##....##
#..######....#
#.#...##..##...#
#..............#
####...##.######
#...##.#


You could see a hound.

Vanquished Creatures
  2 oozes (D:1)
  A worm (D:2)
  A dart slug (D:1)
  2 leopard geckos
  7 bats
  A goblin (D:1)
  3 hobgoblins (D:1)
  2 jackals (D:1)
  4 frilled lizards (D:1)
  A kobold (D:1)
  5 rats (D:1)
29 creatures vanquished.

Notes
Turn   | Place    | Note
-------+----------+-------------------------------------------
     0 | D:1      | Klosterheim the Deep Elf Conjurer began the quest for the
                  | Orb.
     0 | D:1      | Reached XP level 1. HP: 10/10 MP: 6/6
   194 | D:1      | Reached XP level 2. HP: 15/15 MP: 6/8
   396 | D:1      | Reached skill level 5 in Conjurations
   539 | D:1      | Reached XP level 3. HP: 19/19 MP: 6/9
   849 | D:1      | Learned a level 3 spell: Dazzling Spray
  1250 | D:2      | Found a burning altar of Makhleb.
  1259 | D:2      | Slain by a hound

Levels and vault maps discovered:
D:1:      nzn_arrival_water_spiral, layout_basic
D:2:      layout_basic, makhleb_blood_cavern_becter,
          chequers_temple_overflow_minitemple

Skill      XL: |  1  2  3 |
---------------+----------+-----
Conjurations   | 5 |  5.1
Dodging        | 3 |  3.0
Stealth        | |  2.4
Spellcasting   | |  3.6
Hexes          | |  0.1

Action                   || total
-------------------------++-------
Melee: Unarmed           ||     5
 Cast: Magic Dart        ||    59
       Dazzling Spray    ||     3
  Use: Scroll            ||     4
       Potion            ||     1
  Eat: Chunk             ||     1
Armor: Robe              ||     8
Dodge: Dodged            ||    20

Table legend:
 A = Non-vault XP
 B = Vault XP
 C = Vault XP percentage of total XP
 D = Non-vault monster count
 E = Vault monster count
 F = Vault count percentage of total count
                 A         B        C        D         E       F
            +---------+---------+-------+---------+---------+-------
      Total |      61 |       0 |   0.0 |      29 |       0 |   0.0
            +---------+---------+-------+---------+---------+-------
        D:1 |      51 |       0 |   0.0 |      26 |       0 |   0.0
        D:2 |      10 |       0 |   0.0 |       3 |       0 |   0.0
            +---------+---------+-------+---------+---------+-------
